 Dungeon Crawl Stone Soup version 0.21.1-1-g345015fe64 (webtiles) character file.

1636 Redear the Unseen (level 8, -4/34 HPs)
             Began as a Felid Monk on Mar 9, 2018.
             Was a Believer of Dithmenos.
             Slain by an orc wizard
             ... wielding a +0 dagger
              (6 damage)
             ... on level 8 of the Dungeon.
             The game lasted 01:13:01 (12657 turns).

Redear the Unseen (Felid Monk)                     Turns: 12657, Time: 01:13:02

Health: -4/34      AC:  2    Str:  7    XL:     8   Next: 66%
Magic:  0/9        EV: 20    Int: 12    God:    Dithmenos [**....]
Gold:   437        SH:  0    Dex: 20    Spells: 7/7 levels left
                                        Lives:  0   Deaths: 2

rFire    . . .     SeeInvis +     - Unarmed
rCold    . . .     Gourm    .   (shield unavailable)
rNeg     . . .     Faith    .   (armour unavailable)
rPois    .         Spirit   +   (helmet unavailable)
rElec    .         Reflect  .   (cloak unavailable)
rCorr    +         Harm     .   (gloves unavailable)
MR       ++...                  (boots unavailable)
Stlth    +++++++++.             C - amulet of guardian spirit
HPRegen  0.11/turn              d - ring of resist corrosion
MPRegen  0.11/turn              b - ring of protection from magic

@: wreathed by umbra, quick
A: very small, no armour, no weapons or thrown items, stealth, claws 1, fangs 3,
see invisible, carnivore, speed 1, shaggy fur 2, slow metabolism 1, sharp paws
a: Shadow Step, Renounce Religion


You were on level 8 of the Dungeon.
You worshipped Dithmenos.
Dithmenos was pleased with you.
You were very full.

You visited 1 branch of the dungeon, and saw 8 of its levels.

You collected 497 gold pieces.
You spent 60 gold pieces at shops.

Inventory:

Missiles
 w - 24 arrows
Jewellery
 b - a ring of protection from magic (right paw)
 d - a ring of resist corrosion (left paw)
 h - a +4 amulet of reflection
 A - a cursed ring of protection from fire
 B - an uncursed amulet of magic regeneration
 C - an amulet of guardian spirit (around neck)
Wands
 j - a wand of random effects (57)
 u - a wand of paralysis (8)
Scrolls
 c - a scroll of identify
 f - 3 scrolls of remove curse
 g - 2 scrolls of magic mapping {unknown}
 l - a scroll of amnesia {unknown}
 m - 2 scrolls of fear {unknown}
 n - 9 scrolls of teleportation {unknown}
 o - 2 scrolls of enchant weapon {unknown}
 p - 2 scrolls of noise {unknown}
 v - 3 scrolls of immolation {unknown}
 x - 3 scrolls of fog {unknown}
 y - 2 scrolls of enchant armour {unknown}
Potions
 e - a potion of brilliance {unknown}
 i - 2 potions of haste
 k - 2 potions of mutation {unknown}
 r - a potion of berserk rage {unknown}
 s - a potion of ambrosia {unknown}
 t - 4 potions of might
 z - a potion of heal wounds {unknown}
 D - a potion of cancellation {unknown}
 E - a potion of flight {unknown}
Books
 q - a book of Cantrips

   Spells                             Type                      Level
   a - Confusing Touch                Hexes                        1
   b - Animate Skeleton               Necromancy                   1
   c - Summon Small Mammal            Summoning                    1
   d - Apportation                    Translocation                1
Comestibles
 a - 15 rations


   Skills:
 - Level 3.0 Fighting
 - Level 4.0 Dodging
 + Level 16.2 Stealth
 - Level 3.0 Unarmed Combat


You had 7 spell levels left.
You didn't know any spells.

Dungeon Overview and Level Annotations

Branches:
Dungeon (8/15)             Temple (0/1) D:6
   Lair: D:8-11

Altars:
Cheibriados
Dithmenos
Gozag
Hepliaklqana
Makhleb
Nemelex Xobeh
Qazlal
Sif Muna
Trog
Uskayaw
Wu Jian
Xom

Shops:
D:4 !   D:6 *

Annotations:
D:5 kripto's ghost, novice FoFi


Innate Abilities, Weirdness & Mutations

You cannot wear armour.
You are incapable of wielding weapons or throwing items.
Your paws allow you to move quietly. (Stealth)
You have sharp claws.
You have razor-sharp teeth.
You have supernaturally acute eyesight. (SInv)
You are carnivorous and can eat meat at any time.
You cover ground quickly.
You are covered in thick fur. (AC +2)
You have a slow metabolism.
Your sharp claws are effective at attacking unaware monsters.


Message History

You barely miss the orc wizard.
You claw the orc wizard, but do no damage.
The orc wizard is moderately wounded.
The orc priest mumbles some strange prayers to Beogh against you.
Beogh smites you! The orc wizard closely misses you.
The orc wizard hits you with a dagger.
* * * LOW HITPOINT WARNING * * *
The orc priest mumbles some strange prayers to Beogh against you.
Pain shoots through your body!
* * * LOW HITPOINT WARNING * * *
The orc priest calls upon Beogh to heal the orc wizard.
The orc wizard's wounds heal themselves!
The orc wizard misses you.
There is a stone staircase leading down here.
The orc wizard miscasts a cantrip.
You climb downwards.
Found 19 gold pieces.
There is a stone staircase leading up here.
The orc wizard hits you with a dagger.
You die...

###
#..
#.#
#.#
#.#
#.#
#@#
#o#
#.#
#..
#..
##..
..
..#


You could see an orc wizard.

Vanquished Creatures
  Grinder (D:6)
  Sigmund (D:6)
  A water moccasin (D:7)
  A necrophage (D:3)
  4 ogres
  A centaur (D:5)
  Blork the orc (D:4)
  2 bullfrogs (D:7)
  2 scorpions
  A howler monkey (D:4)
  A crimson imp (D:7)
  Crazy Yiuf (D:3)
  A bullfrog zombie (D:6)
  4 hounds
  An iron imp (D:7)
  A jelly (D:7)
  4 orc wizards
  3 orc priests
  3 bullfrog skeletons
  A gnoll shaman (D:7)
  7 worker ants
  2 hound skeletons (D:5)
  5 gnolls (D:6)
  4 adders
  A shadow imp (D:7)
  An ooze (D:5)
  An adder skeleton (D:4)
  A worm (D:2)
  3 dart slugs (D:1)
  6 leopard geckos
  12 orcs
  4 giant cockroaches
  8 hobgoblins
  2 jackals (D:7)
  6 kobolds
  4 quokkas
  A ball python (D:2)
  5 bats
  6 frilled lizards
  A giant cockroach zombie (D:5)
  4 goblins
  2 quokka zombies (D:6)
  8 rats
129 creatures vanquished.

Vanquished Creatures (others)
  2 plants (D:4)
2 creatures vanquished.

Grand Total: 131 creatures vanquished

Notes
Turn   | Place    | Note
-------+----------+-------------------------------------------
     0 | D:1      | Redear the Felid Monk began the quest for the Orb.
     0 | D:1      | Reached XP level 1. HP: 10/10 MP: 2/2
    69 | D:1      | Reached skill level 3 in Stealth
   238 | D:1      | Reached skill level 4 in Stealth
   238 | D:1      | Reached XP level 2. HP: 8/14 MP: 3/3
  1035 | D:1      | Reached skill level 5 in Stealth
  1064 | D:1      | Reached XP level 3. HP: 17/17 MP: 4/4
  1392 | D:1      | You fall through a shaft!
  2107 | D:2      | Reached skill level 6 in Stealth
  2495 | D:2      | Found a burning altar of Makhleb.
  2498 | D:2      | Reached XP level 4. HP: 21/21 MP: 5/5
  3014 | D:2      | Reached skill level 7 in Stealth
  3119 | D:3      | Found a bloodstained altar of Trog.
  3189 | D:3      | Found a shimmering altar of Xom.
  3195 | D:3      | Found a shimmering altar of Xom.
  3288 | D:3      | Reached XP level 5. HP: 24/24 MP: 6/6
  3295 | D:3      | Reached skill level 8 in Stealth
  3357 | D:3      | Found a shimmering altar of Xom.
  3362 | D:3      | Found a shimmering altar of Xom.
  3363 | D:3      | Found a shimmering altar of Xom.
  3413 | D:3      | Noticed a necrophage
  4002 | D:3      | Found a runed door.
  4006 | D:3      | Noticed Crazy Yiuf
  4010 | D:3      | Killed Crazy Yiuf
  4109 | D:3      | Killed a necrophage
  4109 | D:3      | Reached skill level 9 in Stealth
  4109 | D:3      | Gained mutation: You are covered in thick fur. (AC +2) [Felid growth]
  4109 | D:3      | Reached XP level 6. HP: 20/27 MP: 7/7
  4267 | D:4      | Found a deep blue altar of Sif Muna.
  4267 | D:4      | Found an opulent altar of Gozag.
  4712 | D:4      | Found an ornate altar of the Wu Jian Council.
  5235 | D:4      | Reached skill level 10 in Stealth
  5286 | D:4      | Found a sparkling altar of Nemelex Xobeh.
  5370 | D:4      | Noticed Blork the orc
  5377 | D:4      | Killed Blork the orc
  5418 | D:4      | Killed from afar by an orc priest
  5419 | D:4      | Reached XP level 5. HP: 0/23 MP: 6/6
  5603 | D:4      | Reached XP level 6. HP: 15/28 MP: 7/7
  6278 | D:4      | Reached skill level 11 in Stealth
  6701 | D:4      | Found Etobia's Distillery.
  6954 | D:5      | Entered Level 5 of the Dungeon
  6956 | D:5      | Noticed kripto's ghost (novice FoFi)
  7055 | D:5      | Reached XP level 7. HP: 19/31 MP: 8/8
  7192 | D:5      | Reached skill level 12 in Stealth
  7204 | D:5      | Found a hide-covered altar of Uskayaw.
  7306 | D:5      | Found a stormy altar of Qazlal.
  7361 | D:5      | Reached skill level 13 in Stealth
  7384 | D:5      | Noticed a water elemental
  7384 | D:5      | Noticed a fire elemental
  7387 | D:5      | Noticed an air elemental
  7515 | D:5      | HP: 1/31 [hound (6)]
  7516 | D:5      | Succumbed to a worker ant's poison
  7517 | D:5      | Reached XP level 6. HP: 0/28 MP: 7/7
  7679 | D:5      | Found a shadowy altar of Dithmenos.
  7948 | D:5      | Became a worshipper of Dithmenos the Shadowed
  7948 | D:5      | Reached * piety under Dithmenos
  7948 | D:5      | Reached ** piety under Dithmenos
  8282 | D:6      | Noticed Grinder
  8285 | D:6      | Killed Grinder
  8285 | D:6      | Reached skill level 14 in Stealth
  8285 | D:6      | Reached XP level 7. HP: 31/31 MP: 8/8
  8387 | D:5      | Found a hazy altar of Hepliaklqana.
  9545 | D:6      | Noticed Sigmund
  9555 | D:6      | Killed Sigmund
  9589 | D:6      | Found a staircase to the Ecumenical Temple.
  9685 | D:6      | Found Deotoh's General Store.
  9743 | D:6      | Bought a scroll of remove curse for 36 gold pieces
  9743 | D:6      | Bought a scroll of identify for 24 gold pieces
 10049 | D:6      | Reached skill level 15 in Stealth
 10049 | D:6      | Reached XP level 8. HP: 31/34 MP: 6/9
 11935 | D:7      | Found a snail-covered altar of Cheibriados.
 12053 | D:7      | Reached skill level 16 in Stealth
 12132 | D:7      | Noticed a troll
 12650 | D:7      | HP: 1/34 [orc priest/nerve-wracking pain (9)]
 12657 | D:8      | Slain by an orc wizard

Skill      XL: |  1  2  3  4  5  6  7  8 |
---------------+-------------------------+-----
Stealth        | 4 5 6 7 9 14 15 16 | 16.2
Fighting       | |  3.0
Dodging        | |  4.0
Unarmed Combat | |  3.0

Action                   |  1- 3 |  4- 6 |  7- 9 || total
-------------------------+-------+-------+-------++-------
Melee: Unarmed           |    90 |   255 |   280 ||   625
       Bite              |     9 |    29 |    39 ||    77
       Punch             |     1 |     6 |     3 ||    10
  Use: Scroll            |       |       |     6 ||     6
       Potion            |       |       |     3 ||     3
 Stab: Sleeping          |     8 |    16 |    17 ||    41
       Distracted        |     1 |     2 |     2 ||     5
       Invisible         |       |       |     1 ||     1
  Eat: Chunk             |     8 |     4 |    14 ||    26
       Ration            |     1 |       |     1 ||     2
Armor: Skin              |     3 |     6 |    11 ||    20
Dodge: Dodged            |    58 |   147 |   247 ||   452
Block: Other             |     1 |    25 |     5 ||    31
